 Dungeon Crawl Stone Soup version 0.24-a0-123-ga2403f3 (console) character file.

Game seed: 2519040627711961080

34005 Duffy the Cleaver (level 13, -1/123 HPs)
             Began as a Naga Gladiator on Feb 20, 2019.
             Was an Elder of the Shining One.
             Slain by a komodo dragon (11 damage)
             ... while petrified by a basilisk
             ... on level 3 of the Lair of Beasts.
             The game lasted 00:24:55 (15702 turns).

Duffy the Cleaver (Naga Gladiator)                 Turns: 15702, Time: 00:24:56

Health: -1/123     AC: 13    Str: 19    XL:     13   Next: 74%
Magic:  18/19      EV:  1    Int: 13    God:    the Shining One [****..]
Gold:   828        SH:  0    Dex: 13    Spells: 12/12 levels left

rFire    . . .     SeeInvis +   S - +1 battleaxe (flame)
rCold    . . .     Gourm    .   (shield currently unavailable)
rNeg     + + +     Faith    .   R - +0 troll leather armour
rPois    ∞         Spirit   .   h - +2 helmet
rElec    .         Reflect  .   l - +2 cloak "Varuon" {Str+2}
rCorr    .         Harm     .   D - +0 pair of gloves
MR       +....                  (no barding)
Stlth    ..........             A - amulet of regeneration
HPRegen  1.10/turn              c - ring of wizardry
MPRegen  0.16/turn              K - ring of attention

@: lethally poisoned (-1 -> -1), divine shield, about to teleport, petrified,
marked, frozen, glowing, very slow
A: large, see invisible, deformed body, poison resistance, slowness 2, slow
metabolism 1, spit poison 1, constrict 1, AC +4
a: Spit Poison, Divine Shield, Cleansing Flame, Renounce Religion


You were on level 3 of the Lair of Beasts.
You worshipped the Shining One.
The Shining One was greatly pleased with you.
You were hungry.

You visited 2 branches of the dungeon, and saw 16 of its levels.
You also visited: Gauntlet and Ice Cave.

You collected 1017 gold pieces.
You spent 189 gold pieces at shops.

Inventory:

Hand Weapons
 b - the +9 staff of Wucad Mu {channel}
   (You found it in a Gauntlet)
 J - a +1 battleaxe of venom
 N - a +0 blowgun
 S - a +1 battleaxe of flaming (weapon)
Missiles
 d - 3 throwing nets (quivered)
 T - 2 curare-tipped needles
Armour
 h - a +2 helmet (worn)
 l - the +2 cloak "Varuon" (worn) {Str+2}
   (You found it in a Gauntlet)

   It affects your strength (+2).
 D - a +0 pair of gloves (worn)
 R - a +0 troll leather armour (worn)
Jewellery
 c - a ring of wizardry (left hand)
 r - an uncursed amulet of guardian spirit
 A - an amulet of regeneration (around neck)
 F - a +4 ring of strength
 I - an uncursed ring of flight
 K - a ring of attention (right hand)
 L - an uncursed ring of fire
Wands
 a - a wand of polymorph (9)
 p - a wand of iceblast (10)
 E - a wand of acid (3)
Scrolls
 i - 5 scrolls of fog
 k - 8 scrolls of remove curse
 m - 2 scrolls of teleportation
 o - 5 scrolls of blinking
 s - 2 scrolls of identify
 u - 5 scrolls of enchant weapon
 x - 3 scrolls of fear
 y - a scroll of immolation
 z - 6 scrolls of enchant armour
Potions
 e - 9 potions of heal wounds
 g - 3 potions of agility
 j - 5 potions of haste
 q - 2 potions of might
 t - a potion of magic {unknown}
 v - 8 potions of curing
 w - 3 potions of mutation
 C - 5 potions of lignification
 H - 3 potions of ambrosia
 O - a potion of brilliance {unknown}
 P - a potion of resistance
 V - a potion of flight {unknown}
Comestibles
 f - 18 rations
 n - 6 chunks of flesh


   Skills:
 - Level 10.0 Fighting
 + Level 14.9 Axes
 - Level 1.7 Throwing
 - Level 10.0 Dodging
 + Level 5.5 Invocations
 - Level 8.0 Evocations


You had 12 spell levels left.
You didn't know any spells.
Your spell library contained the following spells:

 Spells                   Type           Power        Failure   Level  Hunger
 Animate Skeleton         Necr           N/A          16%         1    ##.....
 Magic Dart               Conj           #...         16%         1    ##.....
 Pain                     Necr           #...         16%         1    ##.....
 Blink                    Tloc           N/A          22%         2    ###....
 Call Imp                 Summ           #.......     22%         2    ###....
 Corpse Rot               Necr           N/A          22%         2    ###....
 Slow                     Hex            #.......     22%         2    ###....
 Sublimation of Blood     Necr           #.........   22%         2    ###....
 Conjure Flame            Conj/Fire      #.......     38%         3    ####...
 Mephitic Cloud           Conj/Pois/Air  #.......     38%         3    ####...
 Regeneration             Chrm/Necr      #.........   38%         3    ####...
 Vampiric Draining        Necr           #.........   38%         3    ####...
 Animate Dead             Necr           N/A          78%         4    #####..
 Agony                    Necr           #.......     98%         5    ######.
 Bolt of Draining         Conj/Necr      #.........   98%         5    ######.
 Dispel Undead            Necr           #.......     98%         5    ######.
 Excruciating Wounds      Chrm/Necr      #.........   98%         5    ######.


Dungeon Overview and Level Annotations

Branches:
Dungeon (13/15)            Temple (0/1) D:7            Lair (3/6) D:11
 Shoals (0/4) Lair:2        Snake (0/4) Lair:3          Orc (0/2) D:11
 Vaults (0/5) D:13

Altars:
Gozag
Hepliaklqana
Nemelex Xobeh
Trog
Zin
The Shining One

Shops:
D:5 (

Portals:
Trove: D:10 (give 16 scrolls of teleportation)


Innate Abilities, Weirdness & Mutations

You cannot wear boots.
Your serpentine skin is tough. (AC +4)
You have supernaturally acute eyesight. (SInv)
Armour fits poorly on your strangely shaped body.
Your system is resistant to poisons. (rPois)
You cover ground very slowly.
You have a slow metabolism.
You can spit poison.
You can use your snake-like lower body to constrict enemies.


Message History

You feel very sick.
The blink frog blinks!
The blink frog hits you.
The blink frog blinks!
The komodo dragon bites you.
A spiny frog comes into view.
The rime drake breathes ice at you. The flash freeze hits you.
You are encased in ice.
The porcupine completely misses you. The scorpion stings you.
The blink frog closely misses you.
The basilisk bites you but does no damage.
The komodo dragon bites you!!
The rime drake bites you but does no damage.
You have turned to stone.
The porcupine bites you but does no damage.
The blink frog hits you!
The blink frog blinks!
The scorpion stings you but does no damage.
The basilisk gazes at you. You resist with almost no effort.
The blink frog blinks!
The komodo dragon bites you!!
You die...

...# P..# ###F.##
#### P #....P##.P..
..##...........
..FP.>P..P...
#..P...%.# #..F0kFl#
#...##@l# #.. #rs###
#... #P.0.# ...#
##.%P# #..# #..P#
##..# #...### ##....
##....#
.###....####....##..
...........%........


You could see a komodo dragon, 2 spiny frogs, a basilisk, 2 blink frogs, a rime
drake, a scorpion and a porcupine.

Vanquished Creatures
  Rupert (D:12)
  A minotaur (Gauntlet)
  A dire elephant (Gauntlet)
  Erolcha (D:9)
  A hydra (D:12)
  4 two-headed ogres
  A centaur warrior (D:12)
  A death scarab (Gauntlet)
  A tengu warrior (Gauntlet)
  Urug (D:12)
  Pikel (D:6)
  A deep elf mage (D:12)
  3 ugly things
  An oklob plant (D:11)
  2 cyclopes
  A manticore (Lair:2)
  3 ice statues (IceCv)
  Joseph (D:10)
  3 elephants (Gauntlet)
  2 spiny frogs
  Psyche (D:9)
  A gargoyle (D:12)
  3 komodo dragons
  2 tengu conjurers
  5 trolls
  6 blink frogs
  Prince Ribbit (D:6)
  5 hippogriffs
  A spriggan (D:7)
  Sigmund (D:5)
  A vampire (D:12)
  2 wyverns
  A wraith (D:13)
  A spectral komodo dragon (Gauntlet)
  5 yaks (D:13)
  3 hungry ghosts
  16 humans (D:12)
  Menkaure (D:7)
  4 vampire mosquitoes (D:11)
  12 water moccasins
  A porcupine (Lair:1)
  4 sky beasts
  A black bear (D:6)
  7 ice beasts
  7 orc warriors
  2 ogres (D:6)
  3 wolves (Lair:2)
  A phantom (D:11)
  2 centaurs
  2 crocodiles
  2 big kobolds
  7 bullfrogs
  2 scorpions
  22 killer bees
  5 howler monkeys
  2 centaur zombies
  10 crimson imps
  A bullfrog zombie (D:12)
  A quasit (D:11)
  3 hounds
  5 orc priests
  5 jellies
  8 orc wizards
  2 iguanas
  A bullfrog skeleton (D:9)
  Natasha (thrice) (D:2)
  7 hell rats (Lair:2)
  8 worker ants
  A hound zombie (D:11)
  3 howler monkey zombies
  2 worker ant zombies
  3 gnolls (D:6)
  6 adders
  A shadow imp (D:6)
  12 white imps (Lair:2)
  3 worms
  3 dart slugs
  4 leopard geckos
  37 orcs
  A ball python (Lair:3)
  3 bats (D:1)
  2 giant cockroaches
  8 goblins
  5 hobgoblins
  13 jackals
  14 kobolds
  3 quokkas
  4 frilled lizards
  A jackal skeleton (D:5)
  A leopard gecko skeleton (D:5)
  A quokka skeleton (D:6)
  8 rats
  A bush (Lair:2)
  12 plants (D:11)
379 creatures vanquished.

Vanquished Creatures (others)
  A tengu conjurer (Gauntlet)
  4 fungi (Gauntlet)
  12 plants (Gauntlet)
17 creatures vanquished.

Grand Total: 396 creatures vanquished

Notes
Turn   | Place    | Note
-------+----------+-------------------------------------------
     0 | D:1      | Duffy the Naga Gladiator began the quest for the Orb.
     0 | D:1      | Reached XP level 1. HP: 19/19 MP: 1/1
   166 | D:1      | Reached XP level 2. HP: 15/26 MP: 2/2
   472 | D:1      | Reached skill level 4 in Axes
   632 | D:1      | Reached XP level 3. HP: 21/32 MP: 3/3
  1262 | D:2      | Found a bloodstained altar of Trog.
  1366 | D:2      | Noticed Natasha
  1380 | D:2      | Killed Natasha
  1380 | D:2      | Reached XP level 4. HP: 39/39 MP: 4/4
  1522 | D:2      | Noticed Natasha
  1542 | D:2      | Killed Natasha
  1542 | D:2      | Reached skill level 5 in Axes
  1809 | D:2      | Noticed Natasha
  1813 | D:2      | Killed Natasha
  1813 | D:2      | Reached XP level 5. HP: 34/45 MP: 5/5
  2425 | D:3      | Found a hazy altar of Hepliaklqana.
  2827 | D:3      | Reached skill level 6 in Axes
  3130 | D:3      | Noticed a moth of wrath
  3133 | D:3      | Found a bloodstained altar of Trog.
  3623 | D:4      | Reached XP level 6. HP: 46/52 MP: 3/6
  3691 | D:4      | Found a glowing golden altar of the Shining One.
  3741 | D:4      | Became a worshipper of the Shining One
  4109 | D:5      | Entered Level 5 of the Dungeon
  4165 | D:5      | Noticed Sigmund
  4185 | D:5      | Killed Sigmund
  4185 | D:5      | Reached skill level 7 in Axes
  4185 | D:5      | Reached XP level 7. HP: 57/62 MP: 7/7
  4202 | D:5      | Found an opulent altar of Gozag.
  4710 | D:5      | Found Fillucwu's Antique Weapon Emporium.
  4732 | D:5      | Reached * piety under the Shining One
  4757 | D:5      | Found a glowing silver altar of Zin.
  4901 | D:6      | Reached skill level 1 in Evocations
  4917 | D:6      | Noticed a hungry ghost
  4932 | D:6      | Killed a hungry ghost
  4932 | D:6      | Reached XP level 8. HP: 72/72 MP: 7/9
  5058 | D:6      | Noticed Pikel
  5066 | D:6      | Killed Pikel
  5066 | D:6      | Reached skill level 5 in Fighting
  5066 | D:6      | Reached skill level 8 in Axes
  5392 | D:6      | Reached XP level 9. HP: 80/81 MP: 11/11
  5542 | D:6      | Reached skill level 5 in Dodging
  5549 | D:6      | Noticed Prince Ribbit
  5563 | D:6      | Killed Prince Ribbit
  5826 | D:7      | Found a staircase to the Ecumenical Temple.
  5843 | D:7      | Noticed Menkaure
  5856 | D:7      | Killed Menkaure
  5997 | D:7      | Reached skill level 9 in Axes
  6687 | D:5      | Bought a runed broad axe for 189 gold pieces
  6859 | D:8      | Reached skill level 5 in Evocations
  7065 | D:8      | Found a sparkling altar of Nemelex Xobeh.
  7310 | D:8      | Reached ** piety under the Shining One
  7637 | D:9      | Noticed Psyche
  7646 | D:9      | Killed Psyche
  7646 | D:9      | Reached XP level 10. HP: 91/92 MP: 13/13
  7973 | D:9      | Noticed a two-headed ogre
  7981 | D:9      | Killed a two-headed ogre
  8127 | D:9      | Reached skill level 10 in Axes
  8159 | D:9      | Reached skill level 1 in Invocations
  8445 | D:10     | Entered Level 10 of the Dungeon
  8445 | D:10     | Noticed Joseph
  8445 | D:10     | Noticed Erolcha
  8460 | D:9      | Killed Erolcha
  8595 | D:10     | Killed Joseph
  8824 | D:10     | Found a portal to a secret trove of treasure.
  8865 | D:10     | Reached XP level 11. HP: 103/103 MP: 14/14
  9131 | D:11     | Noticed an oklob plant
  9200 | D:11     | Found a staircase to the Lair.
  9227 | D:11     | Found a staircase to the Orcish Mines.
  9229 | D:11     | Reached skill level 5 in Invocations
  9420 | D:11     | Reached *** piety under the Shining One
  9432 | D:11     | Noticed a two-headed ogre
  9440 | D:11     | Killed a two-headed ogre
  9600 | D:11     | Noticed a cyan ugly thing
  9602 | D:11     | Killed a cyan ugly thing
  9950 | D:11     | Noticed a two-headed ogre
  9961 | D:11     | Killed a two-headed ogre
 11092 | D:12     | Noticed a seven-headed hydra
 11105 | D:12     | Killed a seven-headed hydra
 11230 | D:12     | Noticed a deep elf mage
 11242 | D:12     | Killed a deep elf mage
 11242 | D:12     | Reached skill level 11 in Axes
 11386 | D:13     | Found a gate to the Vaults.
 11386 | D:13     | Noticed a centaur warrior
 11386 | D:13     | Noticed Rupert
 11386 | D:13     | Noticed Urug
 11386 | D:13     | Noticed a cyclops
 11386 | D:13     | Reached **** piety under the Shining One
 11477 | D:12     | Reached XP level 12. HP: 94/116 MP: 15/15
 11577 | D:12     | Reached skill level 10 in Fighting
 11618 | D:12     | Paralysed by Rupert for 4 turns
 11625 | D:12     | Killed Rupert
 11749 | D:12     | Reached skill level 10 in Dodging
 11754 | D:12     | Reached skill level 12 in Axes
 11820 | D:12     | Killed a centaur warrior
 11823 | D:12     | Killed Urug
 12190 | D:13     | Reached skill level 13 in Axes
 12564 | D:13     | Noticed a two-headed ogre
 12569 | D:13     | Killed a two-headed ogre
 13010 | Lair:1   | Entered Level 1 of the Lair of Beasts
 13191 | Lair:1   | Gained mutation: You can use your snake-like lower body to
                  | constrict enemies. [Naga growth]
 13191 | Lair:1   | Reached XP level 13. HP: 119/123 MP: 16/16
 13609 | Lair:1   | Reached skill level 14 in Axes
 13775 | Lair:2   | Found a gate leading to a gauntlet.
 13784 | Gauntlet | Entered a Gauntlet
 13784 | Gauntlet | Found a transporter.
 13793 | Gauntlet | Found a transporter.
 13795 | Gauntlet | Found a transporter.
 13802 | Gauntlet | Found a transporter.
 13817 | Gauntlet | Found a transporter.
 13823 | Gauntlet | Found a transporter.
 13838 | Gauntlet | Found a transporter.
 13855 | Gauntlet | Noticed a dire elephant
 13857 | Gauntlet | Found a transporter.
 13869 | Gauntlet | Found a transporter.
 13869 | Gauntlet | Noticed a great orb of eyes
 13880 | Gauntlet | Found the +0 sword of Power
 13881 | Gauntlet | Found a transporter.
 13893 | Gauntlet | Found a transporter.
 13905 | Gauntlet | Found a transporter.
 13906 | Gauntlet | Noticed a green death
 13922 | Gauntlet | Found a transporter.
 13940 | Gauntlet | Found a transporter.
 13942 | Gauntlet | Found a transporter.
 13944 | Gauntlet | Found a runed translucent gate.
 13944 | Gauntlet | Found a runed translucent gate.
 13944 | Gauntlet | Found a runed translucent gate.
 13945 | Gauntlet | Found a large runed translucent door.
 13945 | Gauntlet | Found a large runed translucent door.
 13945 | Gauntlet | Found a large runed translucent door.
 13945 | Gauntlet | Found a large runed translucent door.
 13950 | Gauntlet | Found a large runed translucent door.
 13950 | Gauntlet | Found a large runed translucent door.
 13951 | Gauntlet | Found a large runed translucent door.
 13951 | Gauntlet | Found a large runed translucent door.
 13954 | Gauntlet | Found a large runed translucent door.
 13954 | Gauntlet | Found a large runed translucent door.
 13954 | Gauntlet | Found a runed translucent door.
 13954 | Gauntlet | Found a runed translucent door.
 13955 | Gauntlet | Found a large runed translucent door.
 13956 | Gauntlet | Found a large runed translucent door.
 13965 | Gauntlet | Found a large runed translucent door.
 13965 | Gauntlet | Found a large runed translucent door.
 13974 | Gauntlet | Found the +9 staff of Wucad Mu {channel}
 13976 | Gauntlet | Found a transporter.
 14014 | Gauntlet | Found a transporter.
 14096 | Gauntlet | Killed a dire elephant
 14107 | Gauntlet | Got a pitted cloak
 14135 | Gauntlet | Identified the +2 cloak "Varuon" {Str+2} (You found it in a
                  | Gauntlet)
 14166 | Gauntlet | Noticed a minotaur
 14175 | Gauntlet | Killed a minotaur
 14186 | Gauntlet | Got a distressingly furry ring mail
 14236 | Lair:2   | Found a frozen archway.
 14260 | IceCv    | Entered an ice cave
 14286 | IceCv    | Identified the +1 ring mail of Ugrong {Int+6 Dex+4} (You
                  | found it in a Gauntlet)
 14841 | IceCv    | Got polished ice dragon scales
 14852 | IceCv    | Identified the +6 ice dragon scales "Fetiazxu" {rF- rC++
                  | rN+ Regen+ Int+7 Dex-5} (You found it in an ice cave)
 15004 | Lair:2   | Found a staircase to the Shoals.
 15671 | Lair:3   | Found a staircase to the Snake Pit.
 15702 | Lair:3   | Slain by a komodo dragon

Levels and vault maps discovered:
D:1:      lemuel_arrival_cross, layout_basic
D:2:      layout_loops_ring, trog_three_pillars_becter, uniq_natasha
D:3:      layout_basic, lemuel_crystal_altar, tgw_trog, first_ration
D:4:      layout_cave_pools, kennysheep_mini_moat, nicolae_underground_beach
D:5:      layout_basic, lemuel_crystal_altar, kennysheep_little_box,
          serial_shops, nicolae_shop_statue_plus, uniq_sigmund
D:6:      layout_gridville, uniq_pikel, uniq_prince_ribbit1
D:7:      layout_gridville, minmay_temple_entry_stoned_glass, the_bakery,
          uniq_menkaure
D:8:      layout_basic, nemelex_xobeh_ov_fountains_minmay
D:9:      layout_loops_ring, uniq_psyche
D:10:     layout_gridville, nicolae_trove_entry_crossroad, uniq_joseph,
          uniq_erolcha
D:11:     layout_loops_ring, dpeg_oklobed_lair, orc_david_3
D:12:     layout_irregular_city, lemuel_flamethrower_3
D:13:     layout_loops_corners, david_vaults_3
Lair:1:   layout_gridlike, grunt_megastairs_4
Lair:2:   layout_layer_cave, minmay_shoals_entry_beasts,
          portal_ice_cave_entry_imps, gauntlet_entry_generic
Lair:3:   layout_regular_city, minmay_snake_entry_six_corridors
IceCv:    ice_cave_statue_garden_chambered
Gauntlet: gammafunk_gauntlet_one_two_three [gammafunk_gauntlet_arena_corners,
          nicolae_gauntlet_arena_grate_2,
          minmay_gauntlet_arena_make_your_own_arena,
          gammafunk_gauntlet_arena_hedges, nicolae_gauntlet_swirl,
          nicolae_gauntlet_arena_flowing_pool, nicolae_gauntlet_arena_blocks,
          gammafunk_gauntlet_arena_chambers, gammafunk_gauntlet_arena_grid,
          gauntlet_exit_spiral]

Skill      XL: |  1  2  3  4  5  6  7  8  9 10 11 12 13 |
---------------+----------------------------------------+-----
Axes           | 4 5 6 7 8 9 10 11 13 14 | 14.9
Fighting       | 3 4 5 6 8 9 10 | 10.0
Dodging        | 3 4 6 7 9 10 | 10.0
Evocations     | 1 3 5 8 |  8.0
Invocations    | 4 5 |  5.5
Throwing       | |  1.7

Action                   |  1- 3 |  4- 6 |  7- 9 | 10-12 | 13-15 || total
-------------------------+-------+-------+-------+-------+-------++-------
Melee: War axe           |    70 |   110 |     6 |       |       ||   186
       Whip              |       |    12 |   209 |     7 |       ||   228
       Broad axe         |       |       |    48 |   386 |       ||   434
       Battleaxe         |       |       |       |    11 |   196 ||   207
       Constrict         |       |       |       |       |    46 ||    46
Invok: Divine Shield     |       |       |       |     8 |     5 ||    13
 Abil: Spit Poison       |     6 |    13 |    10 |     1 |       ||    30
Evoke: Wand              |       |       |     9 |    14 |    23 ||    46
       Box of beasts     |       |       |       |       |     1 ||     1
  Use: Scroll            |       |       |    10 |    14 |     3 ||    27
       Potion            |       |       |       |     5 |     1 ||     6
  Eat: Chunk             |     1 |     8 |     6 |     8 |     1 ||    24
       Ration            |       |       |     2 |     4 |     1 ||     7
Armor: Leather armour    |    35 |    36 |    70 |    22 |       ||   163
       Skin              |     4 |       |       |       |       ||     4
       Robe              |       |       |       |   117 |       ||   117
       Troll leather arm |       |       |       |    18 |    57 ||    75
       Chain mail        |       |       |       |       |    54 ||    54
Dodge: Dodged            |    47 |    28 |    87 |   211 |   150 ||   523
Block: Shield            |     2 |    55 |   104 |   247 |       ||   408
       Other             |       |       |       |       |    20 ||    20

Table legend:
 A = Non-vault XP
 B = Vault XP
 C = Vault XP percentage of total XP
 D = Non-vault monster count
 E = Vault monster count
 F = Vault count percentage of total count
                 A         B        C        D         E       F
            +---------+---------+-------+---------+---------+-------
      Total |   25270 |   23309 |  48.0 |     280 |      86 |  23.5
            +---------+---------+-------+---------+---------+-------
        D:1 |      48 |       0 |   0.0 |      26 |       0 |   0.0
        D:2 |      91 |      35 |  27.8 |      11 |       1 |   8.3
        D:3 |     117 |      13 |  10.0 |      15 |       5 |  25.0
        D:4 |      55 |       0 |   0.0 |       8 |       0 |   0.0
        D:5 |     492 |     223 |  31.2 |      22 |       1 |   4.3
        D:6 |    1141 |     918 |  44.6 |      19 |       2 |   9.5
        D:7 |     235 |     393 |  62.6 |       9 |       2 |  18.2
        D:8 |     758 |       0 |   0.0 |      20 |       0 |   0.0
        D:9 |    2149 |    1442 |  40.2 |      27 |       2 |   6.9
       D:10 |    1172 |     460 |  28.2 |      13 |       1 |   7.1
       D:11 |    4985 |     692 |  12.2 |      38 |       6 |  13.6
       D:12 |    3798 |    8203 |  68.4 |      20 |      20 |  50.0
       D:13 |    3944 |       0 |   0.0 |      16 |       0 |   0.0
     Lair:1 |    2662 |      90 |   3.3 |      12 |       1 |   7.7
     Lair:2 |    2226 |     876 |  28.2 |      17 |      14 |  45.2
     Lair:3 |    1397 |    1091 |  43.9 |       7 |      11 |  61.1
      IceCv |       0 |    2935 | 100.0 |       0 |      11 | 100.0
   Gauntlet |       0 |    5938 | 100.0 |       0 |       9 | 100.0
            +---------+---------+-------+---------+---------+-------
